AoeStats
← Ronny

Arena

508528840Analyzed
2v2 RM · 10d ago on Sep 22, 2026· 44m 55s· 4 players
Game mode
Random Map
Map size
Medium (4 player)
Population
200
Speed
Normal
Resources
Standard
Victory
Conquest
Starting age
Dark Age
Ending age
Imperial Age
RankedLock teamsTeams togetherTeam positionsShared explorationLock speedFull tech treeHidden civsTurbo modeCheats
Victory
Defeat
🇪🇸 Cumans · Spain
1207
+15
🇨🇴 Ethiopians · Colombia
1119
+19
🇺🇸 Tatars · United States
1177
-17
🇺🇸 Georgians · United States
1174
-17
Ronny
10:32 Feudal Age
11:18 Man-at-Arms
25:37 Castle Age
24:39 Double-Bit Axe
24:44 Horse Collar
26:19 Fletching
26:29 Padded Archer Armor
26:47 Gold Mining
29:17 Wheelbarrow
28:11 Elite Skirmisher
29:13 Loom
30:04 Thumb Ring
31:30 Hand Cart
31:04 Town Watch
32:10 Pikeman
33:33 Bodkin Arrow
34:43 Forging
34:34 Scale Mail Armor
35:41 Squires
37:28 Bow Saw
38:03 Heavy Plow
37:53 Capped Ram
39:55 Iron Casting
40:36 Chain Mail Armor
jaiderreyes4
10:20 Feudal Age
10:14 Loom
14:26 Castle Age
22:09 Wheelbarrow
22:25 Double-Bit Axe
23:38 Gold Mining
26:16 Bow Saw
27:01 Horse Collar
28:15 Hand Cart
29:03 Heavy Plow
35:00 Imperial Age
32:46 Fletching
32:56 Padded Archer Armor
32:47 Fletching
32:57 Padded Archer Armor
32:49 Elite Skirmisher
33:27 Bodkin Arrow
34:15 Ballistics
34:29 Leather Archer Armor
36:46 Chemistry
35:54 Bracer
36:24 Ring Archer Armor
36:05 Forging
35:55 Scale Mail Armor
37:19 Thumb Ring
39:39 Iron Casting
40:18 Two-Man Saw
43:41 Halberdier
dubauc
11:05 Feudal Age
12:08 Double-Bit Axe
14:38 Castle Age
12:42 Horse Collar
15:42 Bow Saw
22:28 Bloodlines
22:22 Fletching
23:19 Light Cavalry
24:35 Bodkin Arrow
26:08 Padded Archer Armor
26:11 Husbandry
27:11 Ballistics
33:26 Imperial Age
30:59 Gold Mining
31:41 Leather Archer Armor
32:39 Loom
33:30 Wheelbarrow
33:21 Stone Mining
34:54 Gold Shaft Mining
35:24 Bracer
36:28 Chemistry
36:02 Ring Archer Armor
36:12 Hussar
37:13 Scale Barding Armor
37:19 Forging
38:07 Heavy Plow
38:04 Heavy Cavalry Archer
40:24 Iron Casting
44:05 Conscription
Witch
10:47 Feudal Age
12:47 Loom
13:41 Man-at-Arms
25:55 Double-Bit Axe
26:50 Horse Collar
31:42 Castle Age
30:17 Bloodlines
34:19 Wheelbarrow
33:10 Light Cavalry
35:33 Husbandry
35:41 Heavy Plow
35:54 Bow Saw
39:26 Scale Barding Armor
39:55 Forging
43:11 Town Watch
45:31 Iron Casting
Connection lost

Rejoining the realm…

Still unreachable

The connection could not be restored.

Session expired

The server has moved on; the page needs a fresh start.